 Dungeon Crawl Stone Soup version 0.23-a0-242-g2b5ca64 (webtiles) character file.

1325 Ijustatesigmund the Chopper (level 8, 0/57 HPs)
             Began as an Octopode Berserker on Sept 28, 2018.
             Was an Elder of Trog.
             Splashed by a jelly's acid (10 damage)
             ... on level 6 of the Dungeon.
             The game lasted 00:09:53 (6170 turns).

Ijustatesigmund the Chopper (Octopode Berserker)    Turns: 6170, Time: 00:09:53

Health: 0/57       AC: -11   Str: 16    XL:     8   Next: 60%
Magic:  8/8        EV: 16    Int: 10    God:    Trog [****..]
Gold:   266        SH:  0    Dex: 13    Spells: 7/7 levels left

rFire    . . .     SeeInvis +   a - +3 war axe
rCold    . . .     Gourm    .   (no shield)
rNeg     . . .     Faith    .   (helmet restricted)
rPois    .         Spirit   .   (no amulet)
rElec    .         Reflect  .   d - ring of flight
rCorr    .         Harm     .   k - ring of see invisible
MR       .....                  (no ring)
Stlth    +++.......             (no ring)
HPRegen  0.19/turn              (no ring)
MPRegen  0.11/turn              (no ring)
                                (no ring)
                                (no ring)

@: corroded, berserk cooldown, slowed, very slow
A: almost no armour, stealthy swim, amphibious, 8 rings, constrict 8, camouflage
1, gelatinous body 1
a: Berserk, Trog's Hand, Brothers in Arms, Renounce Religion, Evoke Flight


You were on level 6 of the Dungeon.
You worshipped Trog.
Trog was greatly pleased with you.
You were hungry.

You visited 1 branch of the dungeon, and saw 6 of its levels.
You also visited: Sewer.

You collected 266 gold pieces.

Inventory:

Hand Weapons
 a - a +3 war axe (weapon)
Missiles
 f - 2 javelins (quivered)
Jewellery
 d - a ring of flight (left tentacle)
 k - a ring of see invisible (right tentacle)
 v - a cursed -3 ring of intelligence {unknown}
Wands
 c - a wand of polymorph (12)
 e - a wand of iceblast (6)
 s - a wand of digging (19)
Scrolls
 h - 3 scrolls of blinking
 j - a scroll of fear
 o - 2 scrolls of magic mapping
 p - 2 scrolls of teleportation
Potions
 g - 2 potions of lignification
 i - a potion of curing
 l - 4 potions of brilliance
 m - 2 potions of haste {unknown}
 n - a potion of mutation {unknown}
 q - 2 potions of flight {unknown}
 r - a potion of heal wounds {unknown}
 t - a potion of might {unknown}
 u - 3 potions of magic {unknown}
Comestibles
 b - 8 rations


   Skills:
 + Level 5.9 Fighting
 + Level 7.7 Axes
 - Level 5.8 Dodging
 + Level 1.6 Stealth


You had 7 spell levels left.
You didn't know any spells.
Your spell library was empty.

Dungeon Overview and Level Annotations

Branches:
Dungeon (6/15)             Temple (0/1) D:5

Altars:
Ashenzari
Nemelex Xobeh
Zin


Innate Abilities, Weirdness & Mutations

You cannot wear most types of armour.
You are very stealthy in the water. (Stealth+)
You are amphibious.
You can wear up to eight rings at the same time.
You can use your tentacles to constrict eight enemies at once.
Your skin changes colour to match your surroundings (Stealth+).
Your rubbery body absorbs attacks. (AC +1, EV +1)


Message History

You slash the jelly!
Your tentacles burn!
The jelly is heavily wounded.
The jelly hits you.
You are splashed with acid!
The acid burns!
You hit the jelly but do no damage. The acid corrodes you!
Your tentacles burn!
The jelly is heavily wounded.
The jelly hits you.
You are splashed with acid!
The acid burns!
The jelly hits you. The acid corrodes you!
You are splashed with acid!
The acid burns!
You hit the jelly but do no damage. The acid corrodes you!
Your tentacles burn!
Your squeeze misses the jelly.
The jelly is heavily wounded.
The jelly hits you. The acid corrodes you!
You are splashed with acid!
The acid burns!
* * * LOW HITPOINT WARNING * * *
The crimson imp blinks!
The crimson imp hits you.
* * * LOW HITPOINT WARNING * * *
The jelly hits you.
* * * LOW HITPOINT WARNING * * *
You are splashed with acid!
The acid burns!
You die...

#....)......#
#...........# ########
#...........#
.......###...........#
.........+...........#
.......###...........#
.........+.....JW5.>.#
.......###......@....#
.......(..#######'####
.########..# #.# .#
##.## #)# .# #..# #ยง#
.# ##.# #.# .# #.##
#.# #..# #.# ##.# #.#


You could see a phantom, a jelly and a crimson imp.

Vanquished Creatures
  An orc warrior (D:6)
  2 ogres
  A sky beast (D:5)
  A centaur (D:6)
  2 scorpions
  A howler monkey (D:4)
  A crimson imp (D:5)
  5 orc priests
  An orc wizard (D:5)
  5 worker ants
  Ijyb (D:5)
  A worker ant zombie (D:5)
  8 adders
  15 gnolls
  2 river rats (Sewer)
  2 oozes (D:3)
  2 worms
  A dart slug (D:2)
  2 leopard geckos
  25 orcs
  8 ball pythons
  6 giant cockroaches
  9 goblins
  11 hobgoblins
  7 jackals
  6 kobolds
  2 quokkas (D:4)
  6 bats
  11 frilled lizards
  18 rats
163 creatures vanquished.

Notes
Turn   | Place    | Note
-------+----------+-------------------------------------------
     0 | D:1      | Ijustatesigmund the Octopode Berserker began the quest for
                  | the Orb.
     0 | D:1      | Reached XP level 1. HP: 16/16 MP: 1/1
   183 | D:1      | Reached XP level 2. HP: 20/21 MP: 2/2
   741 | D:1      | Reached skill level 4 in Axes
   914 | D:1      | Reached XP level 3. HP: 26/26 MP: 3/3
  1017 | D:2      | Found a faded altar of an unknown god.
  1126 | D:2      | Reached ** piety under Trog
  1208 | D:2      | Reached XP level 4. HP: 31/31 MP: 4/4
  1215 | D:2      | Reached skill level 5 in Axes
  1672 | D:2      | Reached XP level 5. HP: 16/36 MP: 5/5
  1955 | D:2      | Found a sparkling altar of Nemelex Xobeh.
  2420 | D:3      | Found a glowing silver altar of Zin.
  2662 | D:4      | Reached skill level 6 in Axes
  2662 | D:4      | Reached XP level 6. HP: 26/42 MP: 6/6
  3620 | D:4      | Reached *** piety under Trog
  3895 | D:4      | Found a shattered altar of Ashenzari.
  3916 | D:5      | Entered Level 5 of the Dungeon
  3927 | D:5      | Noticed Ijyb
  3935 | D:5      | Killed Ijyb
  3935 | D:5      | Reached XP level 7. HP: 45/48 MP: 7/7
  4024 | D:5      | Found a staircase to the Ecumenical Temple.
  4108 | D:5      | HP: 3/72 [ogre/giant club (18)]
  4385 | D:5      | Reached skill level 7 in Axes
  4473 | D:5      | Reached skill level 5 in Fighting
  4473 | D:5      | Reached skill level 5 in Dodging
  4479 | D:5      | Reached XP level 8. HP: 55/55 MP: 8/8
  4512 | D:5      | Found a glowing drain.
  4528 | Sewer    | Entered a sewer
  5625 | D:6      | Reached **** piety under Trog
  6159 | D:6      | Reached skill level 1 in Stealth
  6170 | D:6      | Splashed by a jelly's acid

Vault maps used:
D:1:      minmay_arrival_cross, serial_bayou_pond_a, minmay_misc_feat_alley
D:2:      chequers_ecumenical_altar_simple, nemelex_diamond_rough_becter
D:3:      marbit_many_paths
D:4:      nicolae_overflow_hidden_temple
D:5:      minmay_temple_entry_glassed_door, portal_sewer_entry_a, first_ration,
          eino_small_chamber_without_monster, uniq_ijyb
Sewer:    sewer_co_cracked_pipes

Skill      XL: |  1  2  3  4  5  6  7  8 |
---------------+-------------------------+-----
Axes           | 4 5 6 7 |  7.7
Fighting       | 4 5 |  5.9
Dodging        | 4 5 |  5.8
Stealth        | 1 |  1.6

Action                   |  1- 3 |  4- 6 |  7- 9 || total
-------------------------+-------+-------+-------++-------
Melee: Hand axe          |    68 |    62 |       ||   130
       Constrict         |    19 |    26 |    29 ||    74
       Tentacles         |    11 |    23 |    25 ||    59
       War axe           |       |    54 |   113 ||   167
Throw: Javelin           |       |       |     4 ||     4
Invok: Berserk           |     1 |     3 |     5 ||     9
       Trog's Hand       |       |     2 |     1 ||     3
Evoke: Wand              |       |       |     2 ||     2
  Use: Scroll            |     6 |     6 |     8 ||    20
       Potion            |       |     2 |     1 ||     3
 Stab: Sleeping          |     4 |     8 |    10 ||    22
       Distracted        |       |       |     1 ||     1
  Eat: Chunk             |     1 |    13 |     8 ||    22
       Ration            |       |       |     1 ||     1
Armor: Skin              |     5 |     6 |     5 ||    16
Dodge: Dodged            |    48 |    89 |    73 ||   210

Table legend:
 A = Non-vault XP
 B = Vault XP
 C = Vault XP percentage of total XP
 D = Non-vault monster count
 E = Vault monster count
 F = Vault count percentage of total count
                 A         B        C        D         E       F
            +---------+---------+-------+---------+---------+-------
      Total |    1797 |      96 |   5.1 |     137 |      26 |  16.0
            +---------+---------+-------+---------+---------+-------
        D:1 |      34 |       0 |   0.0 |      21 |       0 |   0.0
        D:2 |     160 |       0 |   0.0 |      30 |       0 |   0.0
        D:3 |      84 |       1 |   1.2 |      21 |       1 |   4.5
        D:4 |     306 |       0 |   0.0 |      23 |       0 |   0.0
        D:5 |     620 |      50 |   7.5 |      21 |       6 |  22.2
        D:6 |     593 |       0 |   0.0 |      21 |       0 |   0.0
      Sewer |       0 |      45 | 100.0 |       0 |      19 | 100.0
            +---------+---------+-------+---------+---------+-------
